 Dungeon Crawl Stone Soup version 0.28-a0-811-g00180f5fcc (webtiles) character file.

Game seed: 11210335370001447022

13892 Decritt the Basher (level 12, -1/79 HPs)
             Began as a Gargoyle Fighter on Nov 8, 2021.
             Was an Initiate of Ru.
             Slain by a 15-headed hydra (11 damage)
             ... on level 11 of the Dungeon.
             The game lasted 00:40:41 (16133 turns).

Decritt the Basher (Gargoyle Fighter)              Turns: 16133, Time: 00:40:42

Health: -1/79      AC: 25    Str: 30    XL:     12   Next: 10%
Magic:  12/12      EV:  9    Int:  9    God:    Ru [......]
Gold:   629        SH:  4    Dex: 10    Spells: 11/11 levels left

rFire   . . .      SeeInvis .   j - +5 war axe "Rem Ehai" {freeze, Str+6}
rCold   . . .      Faith    .   c - +0 buckler
rNeg    + . .      Spirit   .   r - +0 plate armour
rPois   ∞          Reflect  .   (no helmet)
rElec   +          Harm     .   (no cloak)
rCorr   .          Rampage  .   (no gloves)
Will    +....                   N - +0 pair of boots
Stlth   ..........              u - amulet of magic regeneration
HPRegen 0.23/turn               v - +4 ring of slaying
MPRegen 0.38/turn               K - ring of willpower

@: hasted, very quick
A: sickness immunity, AC +8, negative energy resistance 1, electricity
resistance, torment resistance 1, petrification resistance
a: Renounce Religion


You were on level 11 of the Dungeon.
You worshipped Ru.
Ru was noncommittal.
You visited 2 branches of the dungeon, and saw 12 of its levels.
You also visited: Sewer.

You collected 629 gold pieces.

Inventory:

Hand Weapons
 j - the +5 war axe "Rem Ehai" (weapon) {freeze, Str+6}
   (You found it on level 10 of the Dungeon)

   It freezes those it strikes, dealing additional cold damage.
   It can also slow down cold-blooded creatures.
   Str:       It affects your strength (+6).
 y - a +4 whip of electrocution
Missiles
 M - 8 poisoned darts (quivered)
 O - 3 throwing nets
Armour
 c - a +0 buckler (worn)
 r - a +0 plate armour (worn)
 N - a +0 pair of boots (worn)
Jewellery
 k - a +6 ring of intelligence
 m - a ring of wizardry
 u - an amulet of magic regeneration (around neck)
 v - a +4 ring of slaying (left hand)
 A - an amulet of the acrobat
 I - a ring of ice
 K - a ring of willpower (right hand)
 P - a +6 ring of strength
Wands
 h - a wand of acid (6)
 x - a wand of digging (4)
 G - a wand of polymorph (10)
 H - a wand of flame (15)
Scrolls
 d - a scroll of noise {unknown}
 e - a scroll of holy word {unknown}
 g - a scroll of vulnerability
 n - a scroll of amnesia {unknown}
 o - 4 scrolls of fog
 s - a scroll of enchant armour {unknown}
 t - 2 scrolls of summoning
 C - 2 scrolls of fear {unknown}
 F - a scroll of enchant weapon
 J - 2 scrolls of immolation {unknown}
Potions
 f - a potion of cancellation {unknown}
 i - 3 potions of brilliance
 l - 2 potions of resistance
 p - a potion of haste
 q - a potion of mutation {unknown}
 w - 3 potions of curing
 z - a potion of ambrosia {unknown}
 B - a potion of berserk rage
 D - a potion of magic
 E - a potion of flight {unknown}


   Skills:
 * Level 10.8 Fighting
 + Level 12.6 Maces & Flails
 - Level 3.0 Throwing
 * Level 11.2 Armour
 + Level 5.0 Dodging
 - Level 4.6 Shields


You had 11 spell levels left.
You didn't know any spells.
Your spell library contained the following spells:

 Spells                   Type           Power      Damage    Failure   Level
 Animate Skeleton         Necr           0%         N/A       95%         1
 Apportation              Tloc           0%         N/A       95%         1
 Pain                     Necr           0%         1d4       95%         1
 Gell's Gravitas          Tloc           0%         N/A       100%        3
 Teleport Other           Tloc           0%         N/A       100%        3
 Vampiric Draining        Necr           0%         2d6       100%        3
 Airstrike                Air            0%         N/A       100%        4
 Animate Dead             Necr           0%         N/A       100%        4
 Cause Fear               Hex            0%         N/A       100%        4
 Fulminant Prism          Conj/Hex       0%         3d6       100%        4
 Iskenderun's Mystic Bla  Conj/Tloc      0%         2d3       100%        4
 Summon Lightning Spire   Summ/Air       0%         N/A       100%        4
 Alistair's Intoxication  Tmut/Pois      0%         N/A       100%        5
 Lee's Rapid Deconstruct  Erth           0%         3d5*      100%        5
 Lightning Bolt           Conj/Air       0%         1d11      100%        5
 Dispersal                Tloc           0%         N/A       100%        6
 Invisibility             Hex            0%         N/A       100%        6
 Dragon Form              Tmut           0%         N/A       100%        7
 Haunt                    Necr/Summ      0%         N/A       100%        7
 Infestation              Necr           0%         N/A       100%        8
 Dragon's Call            Summ           0%         N/A       100%        9


Dungeon Overview and Level Annotations

Branches:
Dungeon (11/15)            Temple (1/1) D:6            Lair (0/6) D:11
    Orc (0/2) D:11          Sewer (visited)

Altars:
Ashenzari
Cheibriados
Dithmenos
Elyvilon
Fedhas
Gozag
Hepliaklqana
Kikubaaqudgha
Makhleb
Nemelex Xobeh
Okawaru
Qazlal
Ru
Sif Muna
Trog
Uskayaw
Vehumet
Wu Jian
Xom
Yredelemnul
Zin
The Shining One

Shops:
D:10 *

Annotations:
D:5 2 transporters, fly's ghost, novice FoDe
D:9 elrocha, Erolcha


Innate Abilities, Weirdness & Mutations

You are immune to sickness and miasma.
Your stone body is resilient. (AC +8)
You are immune to poison.
You resist negative energy. (rN+)
You are resistant to electric shocks. (rElec)
You are resistant to unholy torment.
You are immune to petrification.


Message History

The 13-headed hydra bites you but does no damage. x2
You block the 13-headed hydra's attack.
The 13-headed hydra bites you but does no damage.
You hack one of the 13-headed hydra's heads off!
The 12-headed hydra grows two more!
You slash the 14-headed hydra!
The 14-headed hydra seems to slow down.
You freeze the 14-headed hydra.
The 14-headed hydra is almost dead.
You slice one of the 14-headed hydra's heads off!
The 13-headed hydra grows two more!
You slash the 15-headed hydra!
The 15-headed hydra seems to slow down.
You freeze the 15-headed hydra.
The 15-headed hydra is almost dead.
You block the 15-headed hydra's attack.
The 15-headed hydra bites you but does no damage. x4
The 15-headed hydra bites you.
* * * LOW HITPOINT WARNING * * *
The 15-headed hydra bites you but does no damage. x2
The 15-headed hydra misses you. The 15-headed hydra bites you.
* * * LOW HITPOINT WARNING * * *
The 15-headed hydra bites you but does no damage. x3
The 15-headed hydra barely misses you.
The 15-headed hydra bites you but does no damage.
Okay, then.
You barely miss the 15-headed hydra.
The 15-headed hydra is almost dead.
The 15-headed hydra bites you.
* * * LOW HITPOINT WARNING * * *
The 15-headed hydra bites you!
* * * LOW HITPOINT WARNING * * *
The 15-headed hydra bites you but does no damage. x2
The 15-headed hydra barely misses you.
The 15-headed hydra bites you but does no damage. x3
The 15-headed hydra bites you.
* * * LOW HITPOINT WARNING * * *
The 15-headed hydra bites you but does no damage.
The 15-headed hydra closely misses you. x2; The 15-headed hydra bites you.
* * * LOW HITPOINT WARNING * * *
The 15-headed hydra bites you but does no damage. x2
You feel better.
You feel yourself speed up. The 15-headed hydra bites you!
You die...

.......P...# ###########.##.#
...........####..............#
..............#............###
.....P........#...........(#
P.............#............#
..............#............#
........#.....#.......(....#
........#.....#............#
.............((D@.##########
..................#
########..........#
#..........#
########..........#
...........^......#
.....###..........# .....#
#...######## ...D.# #...#


You could see a 15-headed hydra (slow).

Vanquished Creatures
  3 two-headed ogres
  Pikel (D:3)
  A manticore (D:11)
  A gargoyle (D:10)
  Maggie (D:8)
  2 kobold demonologists (D:10)
  A troll (D:9)
  2 wyverns
  4 yaks (D:11)
  Grum (D:9)
  A steam dragon (D:8)
  3 vampire mosquitoes
  4 water moccasins (D:11)
  4 black bears
  2 orc warriors
  2 sky beasts (D:5)
  An ice beast (D:7)
  2 necrophages
  3 ogres
  2 wolves (D:9)
  2 centaurs
  2 phantoms
  5 kobold brigands
  8 bullfrogs
  2 gnoll sergeants
  5 scorpions
  3 wights
  16 killer bees
  2 howler monkeys (D:8)
  5 electric eels (D:10)
  4 centaur zombies
  3 jellies
  3 hounds
  7 orc priests
  A gnoll shaman (D:9)
  2 iguanas
  2 bullfrog skeletons
  9 orc wizards
  A hound skeleton (D:5)
  2 howler monkey zombies
  16 gnolls
  10 adders
  4 river rats (Sewer)
  2 white imps
  An ufetubus (D:5)
  A dart slug (D:4)
  32 orcs
  20 ball pythons
  6 endoplasms
  2 giant cockroaches
  6 goblins
  6 hobgoblins
  6 jackals
  21 kobolds
  5 bats
  3 frilled lizards
  27 rats
  A bush (D:5)
294 creatures vanquished.

Vanquished Creatures (others)
  47 fungi (D:11)
  30 plants
77 creatures vanquished.

Grand Total: 371 creatures vanquished

Notes
Turn   | Place    | Note
-------+----------+-------------------------------------------
     0 | D:1      | Decritt the Gargoyle Fighter began the quest for the Orb.
     0 | D:1      | Reached XP level 1. HP: 14/14 MP: 1/1
   120 | D:1      | Reached XP level 2. HP: 17/19 MP: 2/2
  1306 | D:2      | You fall into a shaft and drop 2 floors!
  1311 | D:4      | Reached skill level 3 in Maces & Flails
  1311 | D:4      | Reached XP level 3. HP: 24/24 MP: 3/3
  1347 | D:4      | Found a hazy altar of Hepliaklqana.
  1391 | D:4      | Noticed a scorpion
  1410 | D:4      | Killed a scorpion
  1411 | D:4      | Reached skill level 4 in Maces & Flails
  1411 | D:4      | Reached XP level 4. HP: 17/30 MP: 4/4
  1831 | D:3      | Reached XP level 5. HP: 33/34 MP: 5/5
  2188 | D:3      | Found a glowing drain.
  2197 | Sewer    | Entered a sewer
  3040 | Sewer    | Reached skill level 5 in Maces & Flails
  3295 | Sewer    | Reached XP level 6. HP: 39/40 MP: 6/6
  3351 | Sewer    | Reached skill level 5 in Fighting
  3364 | Sewer    | HP: 2/40 [adder (4)]
  3614 | D:3      | Found an opulent altar of Gozag.
  3722 | D:3      | Reached skill level 6 in Maces & Flails
  3725 | D:3      | Reached XP level 7. HP: 17/44 MP: 7/7
  4939 | D:4      | Found a bloodstained altar of Trog.
  5034 | D:4      | Noticed Pikel
  5058 | D:3      | Killed Pikel
  5059 | D:3      | Reached skill level 7 in Maces & Flails
  5059 | D:3      | Reached XP level 8. HP: 18/51 MP: 8/8
  5473 | D:5      | Entered Level 5 of the Dungeon
  6090 | D:5      | Reached skill level 8 in Maces & Flails
  6630 | D:5      | Reached XP level 9. HP: 57/57 MP: 9/9
  6632 | D:5      | Noticed fly's ghost (novice FoDe)
  6636 | D:5      | Found a transporter.
  6656 | D:5      | Found a transporter.
  6862 | D:5      | Reached skill level 9 in Maces & Flails
  7958 | D:6      | Found a staircase to the Ecumenical Temple.
  7962 | Temple   | Entered the Ecumenical Temple
  8156 | D:6      | Found a shimmering blue altar of Sif Muna.
  8289 | D:6      | Found a sacrificial altar of Ru.
  8291 | D:6      | Found a radiant altar of Vehumet.
  8292 | D:6      | Found a shadowy altar of Dithmenos.
  8298 | D:6      | Became a worshipper of Ru the Awakened
  8434 | D:6      | Reached skill level 12 in Maces & Flails
  8434 | D:6      | Reached XP level 10. HP: 64/64 MP: 10/10
  8968 | D:7      | Found a hide-covered altar of Uskayaw.
  9188 | D:8      | Noticed Maggie
  9211 | D:8      | Killed Maggie
 10481 | D:8      | Reached XP level 11. HP: 25/69 MP: 11/11
 10994 | D:9      | Noticed a two-headed ogre
 11015 | D:9      | Killed a two-headed ogre
 11016 | D:9      | Reached skill level 1 in Throwing
 11112 | D:9      | Noticed Grum
 11129 | D:9      | Killed Grum
 12163 | D:9      | Reached skill level 10 in Armour
 12571 | D:9      | Noticed a two-headed ogre
 12575 | D:9      | Killed a two-headed ogre
 12678 | D:10     | Entered Level 10 of the Dungeon
 12678 | D:10     | Noticed Erolcha
 13322 | D:10     | Reached skill level 10 in Fighting
 13692 | D:10     | Identified the +5 war axe "Rem Ehai" {freeze, Str+6}
 13909 | D:10     | Found Gutranush's General Store.
 14550 | D:11     | Noticed a two-headed ogre
 14564 | D:11     | Killed a two-headed ogre
 14618 | D:11     | Noticed a manticore
 14707 | D:10     | Reached XP level 12. HP: 51/79 MP: 12/12
 15307 | D:11     | Reached skill level 5 in Dodging
 15338 | D:11     | Found a staircase to the Lair.
 15474 | D:11     | Found a staircase to the Orcish Mines.
 15736 | D:11     | Noticed an eight-headed hydra
 16133 | D:11     | Slain by a 15-headed hydra

Illustrated notes

Levels and vault maps discovered:
D:1:      ncdulo_wetmaze, layout_loops_ring, serial_forest,
          infiniplex_forest_lined_corner, infiniplex_forest_lined_1,
          infiniplex_forest_clump_diagonal, infiniplex_forest_straight_2,
          infiniplex_forest_side_room, infiniplex_forest_end_2,
          minmay_crystal_room, kennysheep_flooded_box
D:2:      cheibrodos_fertilizer, layout_rooms, hellmonk_ecumenical_altar_blasted
D:3:      layout_loops_corners, grunt_gozag_statues, portal_sewer_entry_d,
          minmay_unequal
D:4:      layout_basic, mainiacjoe_overflow_tiny_flanked,
          lightli_temple_of_fire, uniq_pikel
D:5:      layout_cave_pods, gammafunk_ghost_smash, st_stairs_6,
          minmay_hedge_maze, minmay_pentangle
D:6:      layout_rooms, overflow_temple_1_default,
          gammafunk_temple_overflow_forgotten, minmay_temple_entry_glassed_door
D:7:      layout_basic, general_overflow_altar
D:8:      layout_rooms, minmay_radiant, uniq_maggie
D:9:      layout_loops_ring, uniq_grum
D:10:     layout_basic, serial_shops, shop_fountains, uniq_erolcha
D:11:     layout_basic, due_lair_maze_entry_diamond, gauntlet_entry_generic
Temple:   nicolae_temple_great_sept

Skill      XL: |  1  2  3  4  5  6  7  8  9 10 11 12 |
---------------+-------------------------------------+-----
Maces & Flails | 3 4 5 6 7 8 12 | 12.6
Fighting       | 4 5 6 7 8 10 | 10.8
Armour         | 4 9 11 | 11.2
Shields        | 4 |  4.6
Dodging        | 4 5 |  5.0
Throwing       | 3 |  3.0

Action                   |  1- 3 |  4- 6 |  7- 9 | 10-12 || total
-------------------------+-------+-------+-------+-------++-------
Melee: Flail             |    81 |   250 |    61 |       ||   392
       Whip              |       |       |   182 |   307 ||   489
       Unarmed           |       |       |       |     1 ||     1
       War axe           |       |       |       |    96 ||    96
Throw: Dart              |       |       |       |   180 ||   180
Invok: Reject Sacrifices |       |       |       |     1 ||     1
  Use: Potion            |       |     2 |     2 |    10 ||    14
       Scroll            |       |       |     9 |     9 ||    18
Armor: Scale mail        |    44 |   224 |   103 |   168 ||   539
       Plate armour      |       |       |       |    69 ||    69
Dodge: Dodged            |    41 |   210 |    93 |   187 ||   531
Block: Buckler           |    15 |    78 |    33 |    96 ||   222

Table legend: (Time is in decaauts)
 A = Elapsed time spent in this place.
 B = Non-inter-level travel time spent in this place.
 C = Inter-level travel time spent in this place.
 D = Time resting spent in this place.
 E = Time spent auto-exploring this place.
 F = Levels seen in this place.
 G = Mean time per level.
                   A        B        C        D        E       F      G
               +--------+--------+--------+--------+--------+-----+--------+
         Total |  16073 |  15891 |    182 |   5614 |   7624 |  13 | 1236.4 |
       Dungeon |  14485 |  14316 |    169 |   5021 |   6989 |  11 | 1316.8 |
        Temple |     86 |     73 |     13 |      0 |     63 |   1 |   86.0 |
         Sewer |   1501 |   1501 |      0 |    593 |    571 |   1 | 1501.0 |
               +--------+--------+--------+--------+--------+-----+--------+

Top non-repeatable levels by time:
     D:5: 2175 daAuts
    D:10: 2165 daAuts
     D:9: 1841 daAuts
     D:3: 1756 daAuts
     D:7: 1657 daAuts
   Sewer: 1501 daAuts
     D:1: 1277 daAuts
     D:4: 1230 daAuts
    D:11: 907 daAuts
     D:8: 779 daAuts
     D:6: 645 daAuts
  Temple: 86 daAuts
     D:2: 50 daAuts
